Map: 2000 Atmospheres LE

Players

MaxPax - Winner!

  • Race: Protoss Protoss

Harstem

  • Race: Protoss Protoss

Event: DreamHack SC2 Masters 2021 Winter

VOD

Have the link to the VOD?

Description

Time

  • Played on: Oct. 13, 2021, 10:13 a.m.
  • Length: 20:43

All games in this series

Show
View Real Time Build Order
Export as new Build Order

MaxPax Protoss - Winner!

Build Orders: Oracle Opening 

Get SALT Encoding   

  12  0:00  Probe  
  13  0:12  Probe  
  14  0:19  Pylon  
  14  0:24  Probe  
  15  0:37  Probe (Chrono Boost)  
  15  0:38  Gateway  
  16  0:47  Assimilator  
  16  0:48  Probe (Chrono Boost)  
  17  0:52  Probe (Chrono Boost)  
  18  1:03  Probe  
  19  1:14  Assimilator  
  19  1:15  Probe, Pylon  
  20  1:28  Cybernetics Core  
  20  1:30  Probe  
  23  1:42  Probe (Chrono Boost)  
  25  1:54  Probe (Chrono Boost)  
  25  2:00  Probe (Chrono Boost)  
  26  2:06  Nexus  
  24  2:12  Stargate  
  24  2:15  Probe  
  25  2:24  Stalker  
  25  2:28  Probe  
  28  2:36  Pylon  
  28  2:44  Probe  
  29  2:47  Void Ray (Chrono Boost)  
  29  2:56  Probe  
  33  3:01  Stalker  
  35  3:11  Shield Battery  
  35  3:15  Warp Gate  
  35  3:18  Probe  
  36  3:21  Probe  
  37  3:30  Probe  
  37  3:32  Stalker  
  37  3:33  Probe  
  39  3:42  Probe  
  39  3:45  Probe  
  41  3:49  Shield Battery  
  41  3:50  Oracle (Chrono Boost)  
  41  3:54  Probe  
  45  3:57  Probe  
  45  3:58  Pylon  
  45  4:06  Probe  
  46  4:12  Gateway  
  46  4:14  Void Ray (Chrono Boost)  
  46  4:16  Probe  
  53  4:25  Probe  
  54  4:31  Pylon  
  54  4:34  Assimilator  
  54  4:42  Probe  
  54  4:43  Twilight Council  
  54  4:44  Gateway, Pylon  
  54  4:45  Probe  
  54  4:54  Probe  
  54  4:57  Probe  
  56  5:03  Stalker  
  56  5:06  Probe  
  59  5:09  Probe  
  59  5:11  Stalker  
  59  5:12  Pylon  
  62  5:17  Shield Battery  
  62  5:18  Probe  
  63  5:24  Probe  
  63  5:26  Blink (Chrono Boost)  
  62  5:28  Pylon  
  62  5:37  Dark Shrine  
  62  5:40  Forge  
  62  5:42  Stalker  
  63  5:52  Stalker x2  
  63  5:55  Pylon  
  67  6:05  Protoss Ground Weapons Level 1 (Chrono Boost)  
  67  6:11  Stalker  
  69  6:24  Stalker x2  
  69  6:27  Pylon  
  69  6:29  Nexus  
  69  6:30  Pylon  
  69  6:34  Photon Cannon, Probe x2  
  69  6:37  Gateway  
  71  6:46  Probe x2  
  73  6:49  Dark Templar, Pylon  
  73  6:53  Pylon  
  75  6:54  Dark Templar  
  75  6:58  Probe x2  
  75  7:00  Shield Battery  
  79  7:05  Stalker  
  81  7:10  Probe  
  81  7:11  Probe  
  77  7:22  Probe (Chrono Boost)  
  77  7:23  Gateway  
  77  7:24  Probe (Chrono Boost)  
  77  7:27  Gateway  
  78  7:32  Stalker x3  
  78  7:33  Stalker  
  78  7:34  Probe (Chrono Boost)  
  78  7:36  Probe (Chrono Boost)  
  88  7:42  Probe  
  88  7:43  Probe, Charge (Chrono Boost)  
  89  7:44  Probe  
  91  7:53  Assimilator  
  91  7:54  Assimilator, Pylon  
  91  7:57  Dark Templar  
  93  8:00  Probe  
  93  8:01  Probe  
  93  8:04  Adept x2  
  93  8:05  Probe  
  100  8:12  Pylon  
  98  8:25  Probe  
  98  8:26  Stalker x4  
  107  8:27  Protoss Ground Weapons Level 2 (Chrono Boost)  
  107  8:30  Probe  
  102  8:41  Probe  
  102  8:48  Robotics Facility, Gateway  
  103  8:50  Assimilator  
  103  8:52  Pylon  
  103  8:53  Photon Cannon, Zealot x5, Gateway  
  103  8:54  Zealot  
  113  9:14  Nexus  
  113  9:16  Zealot x3, Sentry  
  121  9:18  Zealot  
  121  9:20  Shadow Stride  
  123  9:25  Dark Templar  
  125  9:36  Photon Cannon  
  125  9:37  Pylon  
  125  9:40  Observer (Chrono Boost), Dark Templar, Robotics Bay  
  125  9:44  Zealot x2  
  124  10:05  Immortal (Chrono Boost)  
  106  10:16  Stalker x7  
  106  10:17  Stalker  
  106  10:21  Gateway  
  116  10:24  Gateway  
  117  10:28  Probe x2  
  117  10:30  Pylon  
  117  10:33  Observer  
  117  10:34  Disruptor (Chrono Boost)  
  119  10:44  Protoss Ground Weapons Level 3 (Chrono Boost)  
  119  10:47  Robotics Facility  
  119  10:49  Pylon  
  119  10:56  Dark Templar x2  
  123  11:05  Zealot x6  
  123  11:09  Disruptor (Chrono Boost)  
  117  11:23  Photon Cannon  
  117  11:25  Gravitic Boosters  
  116  11:28  Pylon  
  116  11:29  Stalker x5  
  126  11:39  Disruptor (Chrono Boost)  
  125  11:41  Observer (Chrono Boost)  
  125  11:46  Dark Templar  
  130  11:54  Photon Cannon  
  130  11:58  Photon Cannon, Shield Battery  
  130  12:01  Pylon  
  130  12:06  Dark Templar x3  
  136  12:17  Disruptor  
  123  12:39  Dark Templar x3  
  123  12:40  Zealot x7  
  123  12:43  Probe x2  
  145  12:45  Disruptor (Chrono Boost)  
  145  12:48  Pylon  
  145  12:50  Assimilator  
  148  13:01  Photon Cannon, Nexus, Shield Battery  
  148  13:02  Pylon  
  151  13:07  Disruptor (Chrono Boost)  
  151  13:14  Observer  
  151  13:16  Stalker x4  
  154  13:33  Zealot  
  154  13:34  Zealot x3, Disruptor  
  162  13:41  Observer  
  164  13:42  Zealot x3  
  144  14:02  Observer  
  139  14:07  Dark Templar x4  
  139  14:09  Probe x4  
  149  14:17  Observer  
  149  14:21  Probe  
  151  14:34  Stalker x2  
  151  14:35  Stalker x3  
  151  14:37  Probe x2  
  163  14:41  Probe x2  
  163  14:43  Photon Cannon  
  163  14:47  Photon Cannon  
  163  14:49  Pylon  
  163  14:50  Photon Cannon  
  153  15:01  Observer  
  143  15:13  Stalker x9  
  143  15:14  Stalker  
  134  15:21  Disruptor x2  
  134  15:23  Probe x2  
  134  15:24  Assimilator  
  134  15:26  Assimilator  
  140  15:47  Dark Templar x3  
  146  15:50  Photon Cannon  
  146  15:53  Photon Cannon, Dark Templar  
  146  15:54  Zealot x4  
  156  15:57  Photon Cannon, Assimilator  
  156  16:00  Shield Battery  
  156  16:02  Observer  
  152  16:08  Observer  
  150  16:24  Gateway  
  150  16:27  Gateway  
  150  16:28  Stalker x3  
  150  16:29  Stalker  
  150  16:30  Shield Battery  
  150  16:31  Gateway, Pylon  
  158  16:34  Photon Cannon  
  158  16:35  Observer  
  155  16:49  Dark Templar x4  
  155  16:51  Photon Cannon  
  155  16:52  Photon Cannon  
  163  17:00  Zealot x2  
  163  17:01  Zealot x3  
  165  17:18  Observer, Disruptor  
  162  17:39  Nexus, Disruptor  
  162  17:40  Dark Templar x5  
  162  17:41  Dark Templar, Pylon  
  177  17:49  Zealot x5  
  179  18:00  Disruptor  
  179  18:05  Probe x2  
  184  18:06  Probe  
  184  18:09  Photon Cannon  
  184  18:11  Photon Cannon  
  185  18:14  Disruptor  
  184  18:27  Stalker x3  
  187  18:35  Stalker x4  
  187  18:36  Disruptor  
  198  18:44  Pylon  
  198  18:46  Photon Cannon  
  196  18:50  Disruptor  
  175  19:10  Dark Templar x5  
  175  19:12  Dark Templar x3  
  175  19:13  Zealot x2  
  175  19:15  Observer  
  187  19:40  Zealot  
  187  19:43  Assimilator  
  189  19:46  Stalker x5  
  197  20:02  Assimilator  
Show
View Real Time Build Order
Export as new Build Order

Harstem Protoss 

Build Orders: Blink Stalkers 

Get SALT Encoding   

  12  0:00  Probe  
  13  0:12  Probe  
  14  0:17  Pylon  
  14  0:24  Probe (Chrono Boost)  
  15  0:36  Gateway, Probe (Chrono Boost)  
  16  0:45  Probe (Chrono Boost)  
  16  0:49  Assimilator  
  17  0:51  Probe  
  17  0:57  Assimilator  
  18  1:03  Probe (Chrono Boost)  
  19  1:09  Gateway  
  19  1:13  Probe (Chrono Boost)  
  19  1:18  Probe (Chrono Boost)  
  21  1:27  Cybernetics Core  
  21  1:29  Probe  
  22  1:38  Pylon  
  22  1:41  Probe  
  23  1:56  Probe  
  24  2:03  Stalker x2  
  24  2:04  Warp Gate  
  28  2:13  Pylon  
  28  2:16  Probe  
  29  2:35  Stalker  
  29  2:36  Stalker  
  33  2:47  Twilight Council  
  33  3:12  Nexus, Shield Battery  
  33  3:14  Probe  
  33  3:16  Blink (Chrono Boost)  
  34  3:27  Probe  
  36  3:48  Pylon  
  36  3:53  Stalker  
  36  3:55  Sentry  
  39  3:59  Pylon  
  39  4:06  Probe  
  40  4:16  Pylon  
  40  4:17  Stalker  
  40  4:18  Stalker, Probe  
  45  4:26  Probe  
  45  4:30  Probe  
  45  4:31  Phoenix  
  47  4:39  Probe  
  47  4:40  Pylon  
  47  4:42  Stalker x2  
  52  4:46  Probe  
  52  4:52  Probe  
  54  4:59  Probe (Chrono Boost), Forge  
  55  5:06  Stalker  
  57  5:07  Probe (Chrono Boost)  
  59  5:16  Probe (Chrono Boost)  
  59  5:17  Probe (Chrono Boost)  
  59  5:20  Robotics Facility  
  60  5:22  Probe  
  60  5:25  Probe  
  56  5:28  Protoss Ground Weapons Level 1 (Chrono Boost)  
  56  5:34  Probe  
  56  5:35  Stalker x2  
  61  5:37  Probe  
  62  5:59  Nexus  
  59  6:04  Stalker  
  59  6:08  Phoenix  
  59  6:11  Probe x2 (Chrono Boost)  
  55  6:25  Probe x2 (Chrono Boost)  
  55  6:28  Stalker  
  55  6:30  Probe (Chrono Boost)  
  55  6:31  Observer  
  55  6:32  Stalker  
  61  6:35  Probe (Chrono Boost)  
  61  6:38  Pylon  
  62  6:42  Probe (Chrono Boost)  
  62  6:46  Probe (Chrono Boost)  
  64  6:47  Pylon  
  64  6:50  Probe (Chrono Boost)  
  64  6:51  Probe (Chrono Boost)  
  66  6:56  Assimilator  
  66  6:57  Gateway, Probe  
  67  7:01  Gateway  
  67  7:03  Probe  
  67  7:05  Observer  
  67  7:09  Probe  
  67  7:12  Stalker  
  70  7:22  Probe (Chrono Boost)  
  73  7:25  Probe (Chrono Boost)  
  73  7:27  Observer  
  73  7:28  Probe (Chrono Boost)  
  74  7:31  Shield Battery  
  74  7:32  Probe (Chrono Boost), Protoss Ground Weapons Level 2 (Chrono Boost)  
  74  7:36  Probe (Chrono Boost)  
  77  7:38  Probe (Chrono Boost)  
  77  7:42  Probe (Chrono Boost)  
  77  7:44  Probe (Chrono Boost)  
  79  7:47  Robotics Bay, Probe (Chrono Boost)  
  79  7:48  Probe (Chrono Boost)  
  79  7:49  Probe (Chrono Boost)  
  82  7:55  Stalker  
  82  7:56  Probe  
  82  7:58  Zealot x3  
  87  8:00  Probe x2  
  87  8:02  Assimilator  
  93  8:07  Assimilator  
  93  8:08  Probe  
  94  8:15  Probe  
  94  8:18  Stalker x3  
  99  8:25  Shield Battery  
  95  8:29  Probe  
  95  8:30  Probe x2  
  95  8:33  Stalker  
  96  8:34  Assimilator  
  89  8:42  Probe (Chrono Boost)  
  89  8:47  Probe (Chrono Boost), Disruptor (Chrono Boost)  
  89  8:48  Probe (Chrono Boost)  
  90  8:52  Probe (Chrono Boost)  
  96  8:56  Stalker x3, Probe (Chrono Boost)  
  96  8:59  Probe (Chrono Boost)  
  96  9:02  Probe (Chrono Boost)  
  103  9:11  Probe  
  103  9:13  Assimilator  
  103  9:14  Probe, Disruptor (Chrono Boost)  
  103  9:15  Pylon  
  108  9:18  Nexus  
  108  9:25  Dark Shrine  
  108  9:27  Probe  
  108  9:28  Pylon  
  108  9:30  Probe  
  110  9:33  Photon Cannon  
  110  9:37  Stalker x3  
  114  9:42  Disruptor (Chrono Boost)  
  117  9:51  Stalker  
  119  9:57  Probe  
  111  10:07  Stalker x3  
  111  10:14  Probe  
  108  10:15  Observer  
  108  10:18  Probe x2  
  110  10:31  Observer, Probe (Chrono Boost), Pylon  
  110  10:32  Nexus  
  111  10:37  Probe (Chrono Boost)  
  112  10:43  Observer, Dark Templar x2  
  112  10:44  Dark Templar  
  112  10:45  Dark Templar  
  112  10:48  Probe (Chrono Boost)  
  119  10:51  Probe (Chrono Boost)  
  119  10:59  Disruptor  
  122  11:11  Protoss Ground Weapons Level 3 (Chrono Boost)  
  122  11:13  Probe  
  122  11:14  Pylon  
  122  11:17  Shield Battery  
  122  11:18  Gateway x2, Probe  
  118  11:24  Probe (Chrono Boost)  
  119  11:26  Pylon  
  119  11:27  Probe (Chrono Boost)  
  119  11:30  Pylon  
  121  11:34  Disruptor (Chrono Boost)  
  121  11:36  Photon Cannon  
  121  11:38  Probe (Chrono Boost)  
  124  11:42  Dark Templar  
  126  11:50  Stalker  
  126  11:51  Stalker x2  
  126  11:53  Probe  
  133  11:56  Photon Cannon  
  133  11:58  Robotics Facility  
  133  11:59  Shield Battery, Shadow Stride (Chrono Boost)  
  133  12:01  Disruptor (Chrono Boost)  
  136  12:13  Stalker x2  
  139  12:18  Photon Cannon  
  139  12:19  Gravitic Boosters  
  139  12:23  Stalker x4  
  139  12:28  Observer, Charge  
  147  12:30  Observer (Chrono Boost)  
  147  12:35  Probe x2  
  146  12:37  Photon Cannon  
  146  12:39  Probe x2  
  146  12:43  Photon Cannon  
  148  12:47  Probe  
  148  12:49  Photon Cannon  
  148  12:50  Dark Templar, Pylon  
  151  12:52  Zealot x4  
  151  12:53  Zealot  
  151  12:57  Disruptor (Chrono Boost)  
  160  13:02  Pylon  
  160  13:05  Pylon  
  162  13:06  Observer (Chrono Boost)  
  146  13:16  Dark Templar x2  
  146  13:17  Stalker x2  
  154  13:20  Disruptor  
  152  13:27  Probe  
  152  13:30  Probe, Pylon  
  152  13:42  Zealot x4  
  152  13:43  Disruptor  
  163  13:50  Probe  
  163  13:55  Stalker x2, Disruptor  
  120  14:04  Stalker x4  
  120  14:07  Probe  
  127  14:10  Probe x2  
  127  14:11  Assimilator  
  127  14:12  Photon Cannon  
  127  14:13  Assimilator  
  127  14:15  Assimilator  
  129  14:19  Pylon  
  129  14:22  Disruptor  
  130  14:24  Stalker x2  
  130  14:30  Zealot x4  
  142  14:32  Disruptor  
  142  14:56  Zealot x5  
  142  14:58  Observer  
  125  15:08  Stalker  
  125  15:09  Protoss Ground Armor Level 1 (Chrono Boost)  
  120  15:16  Stalker x5  
  120  15:17  Observer (Chrono Boost)  
  120  15:18  Photon Cannon  
  120  15:20  Probe x2  
  134  15:29  Disruptor (Chrono Boost)  
  134  15:35  Zealot  
  136  15:40  Probe  
  134  15:46  Stalker x5  
  134  15:48  Disruptor  
  147  15:56  Assimilator  
  147  15:58  Disruptor (Chrono Boost)  
  147  16:00  Photon Cannon  
  147  16:02  Pylon  
  149  16:07  Zealot  
  149  16:10  Probe  
  149  16:21  Dark Templar, Disruptor (Chrono Boost)  
  149  16:22  Zealot x4  
  162  16:31  Disruptor (Chrono Boost)  
  164  16:36  Assimilator, Pylon  
  164  16:38  Assimilator  
  163  16:43  Dark Templar x3  
  164  16:50  Nexus  
  164  16:51  Zealot x2, Pylon  
  164  16:53  Assimilator  
  168  16:56  Assimilator  
  168  16:57  Gateway  
  152  17:19  Stalker x6  
  160  17:31  Disruptor (Chrono Boost)  
  160  17:33  Probe  
  160  17:37  Photon Cannon  
  158  17:39  Photon Cannon  
  158  17:42  Photon Cannon  
  157  17:45  Photon Cannon  
  157  17:49  Stalker x6  
  153  17:53  Protoss Shields Level 1 (Chrono Boost)  
  153  18:03  Stalker  
  153  18:05  Shield Battery  
  153  18:07  Pylon  
  153  18:09  Photon Cannon  
  153  18:15  Photon Cannon x2  
  150  18:32  Dark Templar x2  
  150  18:33  Zealot x3, Dark Templar x2  
  164  18:48  Disruptor  
  167  18:57  Dark Templar  
  161  19:03  Dark Templar  
  161  19:04  Zealot  
  161  19:09  Zealot x3  
  166  19:21  Stalker  
  166  19:23  Disruptor  
  166  19:24  Disruptor  
  154  19:27  Stalker  
  154  19:30  Zealot x4  
  165  19:39  Nexus  
  164  19:48  Zealot x2  
  164  19:52  Stalker x2, Pylon  
  172  19:56  Dark Templar  
  161  20:16  Zealot, Dark Templar x2  
  161  20:17  Zealot x3  
  170  20:28  Observer (Chrono Boost)  

Tags
 
Add a new tag
Caveats
  • Supply blocks, unpowered buildings, or Contaminate may cause inaccurate times.
  • Supply counts are checked every 10 seconds.